[Event "Titled Tuesday Blitz June 20 Late 2023"]
[White "Tifferet, Shaked"]
[Black "Ghazarian, Kirk"]
[WhiteFideId "2811529"]
[BlackFideId "30908604"]
[WhiteElo "2142"]
[BlackElo "2346"]
[Result "1/2-1/2"]
[Round "5"]
[TimeControl "180+2"]
[Date "2023.06.20"]
[WhiteClock "0:00:09"]
[BlackClock "0:00:31"]
[Board "73"]

1. e4 c5 2. Ne2 a6 3. g3 b5 4. Bg2 Bb7 5. O-O g6 6. d4 cxd4 7. Qxd4 f6 8. Nbc3 Bg7 9. Nd5 Nc6 10. Qd3 Nh6 11. a4 bxa4 12. f4 Nf7 13. Rxa4 O-O 14. Be3 a5 15. Bb6 Qc8 16. Rc4 Ba6 17. Nxe7+ Nxe7 18. Rxc8 Bxd3 19. Rxf8+ Bxf8 20. cxd3 Rb8 21. Bd4 f5 22. Ra1 Nc6 23. Bc3 Bb4 24. Bxb4 Rxb4 25. exf5 gxf5 26. Bxc6 dxc6 27. Rxa5 Rxb2 28. Nd4 Rd2 29. Nxf5 Rxd3 30. Ne7+ Kg7 31. Nxc6 Rd2 32. Ne5 Nd6 33. Ra7+ Kg8 34. Rd7 h5 35. Nf3 Rd3 36. Kg2 Kf8 37. Ne5 Rd2+ 38. Kf3 Ke8 39. h3 Rd1 40. g4 hxg4+ 41. hxg4 Rf1+ 42. Kg3 Ne4+ 43. Kg2 Rxf4 44. Rd4 Rf2+ 45. Kg1 Re2 46. Nc4 Ng5 47. Kf1 Ra2 48. Nd6+ Ke7 49. Nf5+ Kf6 50. Rc4 Ke5 51. Ne3 Nf3 52. Rb4 Kf6 53. Rf4+ Ke5 54. Rxf3 Ke4 55. Rg3 Kf4 56. Rh3 Rb2 57. Ng2+ Kxg4 58. Re3 Kf5 59. Ne1 Rh2 60. Rg3 Ra2 61. Rg1 Rd2 62. Rh1 Kf4 63. Rh8 Ra2 64. Rf8+ Kg3 65. Re8 Rf2+ 66. Kg1 Ra2 67. Re3+ Kf4 68. Rb3 Ke4 69. Ng2 Kd4 70. Kh2 Kc4 71. Rf3 Kd5 72. Kg3 Ke4 73. Nf4 Ra8 74. Kf2 Rf8 75. Re3+ Kf5 76. Kf3 Ra8 77. Rb3 Ke5 78. Rb5+ Kd4 79. Rd5+ Kc4 80. Rd2 Ra3+ 81. Ke4 Ra1 82. Rd3 Re1+ 83. Re3 Rf1 84. Ne6 Rf6 85. Nf4 Rh6 86. Ke5 Rh8 87. Ke4 Rf8 88. Kf3 Kd4 89. Re4+ Kc3 90. Ke3 Rd8 91. Ne2+ Kb3 92. Re6 Rh8 93. Rc6 Kb4 94. Kd4 Rd8+ 95. Ke5 Rh8 96. Re6 Kc5 97. Re7 Rh2 98. Nf4 Rh1 99. Kf6 Kd6 100. Ne6 Rf1+ 101. Nf4 Rxf4+ 102. Kg5 Rf1 103. Re4 Rg1+ 104. Kf4 Kd5 105. Re5+ Kd4 106. Re4+ Kd3 107. Re3+ Kd2 108. Re5 Rf1+ 109. Ke4 Kc3 110. Kd5 Kb4 111. Re4+ Kb5 112. Re2 Rd1+ 113. Ke4 Rh1 114. Kd5 Rd1+ 115. Ke4 Kc5 116. Rc2+ Kd6 117. Rb2 Re1+ 118. Kd4 Rd1+ 119. Kc3 Rh1 120. Rd2+ Kc5 121. Rd3 Rc1+ 122. Kd2 Rg1 123. Rf3 Kd4 124. Rf4+ Ke5 125. Rf3 Rg2+ 126. Ke3 Ra2 127. Rg3 Ra3+ 128. Kf2 Ra2+ 129. Ke3 Ra3+ 130. Kf2 Ra8 131. Rg4 Kf5 132. Rb4 Ke5 133. Ke3 Kd5 134. Rb5+ Kc4 135. Re5 Ra3+ 136. Ke4 Ra1 137. Kf5 Kd4 138. Re4+ Kd5 139. Re5+ Kd6 140. Re6+ Kd7 141. Re5 Rf1+ 142. Ke4 Kd6 143. Rd5+ Ke6 144. Re5+ Kf6 145. Rd5 Re1+ 146. Kd4 Ke6 147. Rb5 Rd1+ 148. Kc4 Kd6 149. Rb6+ Ke5 150. Rb8 Rc1+ 151. Kd3 Rh1 1/2-1/2


[Site "https://www.chess.com"]

[Event "Titled Tuesday Blitz June 20 Late 2023"]
[White "Raja Rithvik R"]
[Black "Karamsetty, Jeevan"]
[WhiteFideId "35007394"]
[BlackFideId "2025337"]
[WhiteElo "2395"]
[BlackElo "2131"]
[Result "0-1"]
[Round "5"]
[TimeControl "180+2"]
[Date "2023.06.20"]
[WhiteClock "0:00:09"]
[BlackClock "0:00:10"]
[Board "74"]

1. f4 d5 2. Nf3 c5 3. e3 Nc6 4. Bb5 Nf6 5. b3 g6 6. Bb2 Bg7 7. O-O O-O 8. Bxc6 bxc6 9. Nc3 Rb8 10. Na4 c4 11. bxc4 Ba6 12. Be5 Rc8 13. Nc5 Bxc4 14. d3 Qa5 15. Nb3 Bxb3 16. axb3 Qb6 17. Qd2 c5 18. Qa5 Qe6 19. Rfe1 Ng4 20. Bxg7 Kxg7 21. Ng5 Qf6 22. Qxa7 Ra8 23. Qxa8 Rxa8 24. Rxa8 Nxe3 25. Rxe3 Qxf4 26. Rxe7 Qxg5 27. Raa7 Qc1+ 28. Kf2 Qxc2+ 29. Ke1 Qxd3 30. Rxf7+ Kh6 31. Rxh7+ Kg5 32. Rad7 Qe3+ 33. Kf1 Qxb3 34. Rhe7 Qd3+ 35. Kf2 Qf5+ 36. Ke2 c4 37. Rf7 Qe4+ 38. Kf2 c3 39. Rde7 Qd4+ 40. Kg3 c2 41. Rf1 Qc3+ 42. Kf2 Qc5+ 43. Re3 c1=Q 44. Rxc1 Qxc1 45. Rg3+ Kf5 46. Rf3+ Ke5 47. Rg3 Qf4+ 48. Ke2 g5 49. Re3+ Kd6 50. Rf3 Qxh2 51. Kf2 d4 52. Rf6+ Ke5 53. Rf8 d3 54. Re8+ Kd4 55. Rd8+ Kc3 56. Rc8+ Kd2 57. Ra8 Qf4+ 58. Kg1 Qe3+ 59. Kh2 Ke2 60. Rf8 d2 0-1


[Site "https://www.chess.com"]

[Event "Titled Tuesday Blitz June 20 Late 2023"]
[White "Lin, Dachey"]
[Black "Bilan, Danila"]
[WhiteFideId "2029650"]
[BlackFideId "24161918"]
[WhiteElo "2313"]
[BlackElo "2146"]
[Result "1-0"]
[Round "5"]
[TimeControl "180+2"]
[Date "2023.06.20"]
[WhiteClock "0:00:13"]
[BlackClock "0:00:00"]
[Board "75"]

1. g4 d5 2. Bg2 c6 3. g5 e5 4. d4 e4 5. f3 exf3 6. Nxf3 Bd6 7. Nc3 Ne7 8. e4 dxe4 9. Nxe4 Bc7 10. O-O O-O 11. c3 Ng6 12. Bd2 Re8 13. Ng3 Nf4 14. Bxf4 Bxf4 15. Qb3 Qc7 16. Nh5 Be6 17. Qc2 Bd6 18. Rae1 Nd7 19. h3 Nf8 20. Ne5 Ng6 21. Ng4 Bxg4 22. hxg4 Qd7 23. Qf5 Qxf5 24. gxf5 Nh4 25. f6 g6 26. Ng7 Rxe1 27. Rxe1 Bf8 28. Ne8 h6 29. gxh6 Bxh6 30. Bh1 Nf5 31. Re5 Bf4 32. Re4 Bg5 33. Kf2 Kf8 34. Ng7 Nxg7 35. fxg7+ Kxg7 36. Bf3 Rh8 37. a4 Rh2+ 38. Bg2 Rh8 39. b4 Rd8 40. a5 a6 41. Ke2 Bf6 42. Kd3 Kf8 43. Kc4 Be7 44. Re1 f5 45. d5 cxd5+ 46. Bxd5 Rd7 47. Rh1 Kg7 48. Re1 Bf6 49. Re3 Rc7+ 50. Kb3 f4 51. Rd3 g5 52. Bf3 Be5 53. c4 Kf6 54. Bg4 Rc6 55. Rd7 Rc7 56. Rd8 Rh7 57. b5 axb5 58. cxb5 Rh4 59. Bc8 Rh3+ 60. Bxh3 1-0


[Site "https://www.chess.com"]

[Event "Titled Tuesday Blitz June 20 Late 2023"]
[White "Papayan, Oleg"]
[Black "Tristan, Leonardo"]
[WhiteFideId "4193911"]
[BlackFideId "113816"]
[WhiteElo "2167"]
[BlackElo "2461"]
[Result "0-1"]
[Round "5"]
[TimeControl "180+2"]
[Date "2023.06.20"]
[WhiteClock "0:00:00"]
[BlackClock "0:00:44"]
[Board "76"]

1. e4 d5 2. exd5 Qxd5 3. Nc3 Qa5 4. d4 Nf6 5. Nf3 Bf5 6. Ne5 c6 7. Bc4 e6 8. Bd2 Bb4 9. a3 Bxc3 10. Bxc3 Qb6 11. O-O Nbd7 12. Nxd7 Nxd7 13. Re1 O-O 14. Qd2 Qc7 15. Re3 Rad8 16. Rg3 Bg6 17. Bb4 c5 18. dxc5 Nxc5 19. Qe2 a5 20. Be1 Rd4 21. Bc3 Re4 22. Re3 Rxe3 23. Qxe3 Ne4 24. Bd3 Nxc3 25. Bxg6 Nd5 26. Bxh7+ Kxh7 27. Qd3+ g6 28. c4 Nf4 29. Qe4 f5 30. Qf3 Qxc4 31. Re1 Nd5 32. Qh3+ Kg7 33. g3 Qc6 34. Qg2 Re8 35. Qf1 e5 36. Qd3 Nf6 37. h4 Ng4 38. Qd2 e4 39. Qxa5 Ne5 40. Qd2 Nf3+ 0-1


[Site "https://www.chess.com"]

[Event "Titled Tuesday Blitz June 20 Late 2023"]
[White "Velikanov, Alexander"]
[Black "cristianserban1"]
[WhiteFideId "2039290"]
[WhiteElo "2259"]
[BlackElo "2498"]
[Result "1-0"]
[Round "5"]
[TimeControl "180+2"]
[Date "2023.06.20"]
[WhiteClock "0:00:04"]
[BlackClock "0:00:02"]
[Board "77"]

1. e4 g6 2. d4 Bg7 3. Nf3 c6 4. h3 d5 5. e5 h5 6. Bd3 Nh6 7. O-O Bf5 8. Bxh6 Bxh6 9. Bxf5 gxf5 10. e6 fxe6 11. Ne5 Bg7 12. Ng6 Rh6 13. Nf4 Kd7 14. Re1 Na6 15. Nd2 Nc7 16. Nf3 Qh8 17. Ng5 Qg8 18. Qd3 Bxd4 19. Nf3 Bh8 20. c4 Rf8 21. Rac1 Kc8 22. cxd5 exd5 23. Rxe7 Rh7 24. Re2 Bg7 25. Ng5 Bh6 26. Nxh7 Qxh7 27. Qf3 Rg8 28. Rcc2 Bxf4 29. Qxf4 Qg6 30. f3 Ne6 31. Qe3 Kd7 32. Qxa7 Kc7 33. Qe3 Kd7 34. Qe5 h4 35. Kf1 Re8 36. Rcd2 Nc7 37. Qf4 Rg8 38. Qxh4 f4 39. Qf2 Qb1+ 40. Re1 Qf5 41. Rde2 Rg7 42. Re5 Qd3+ 43. Qe2 Qc3 44. Re7+ Rxe7 45. Qxe7+ 1-0


[Site "https://www.chess.com"]

[Event "Titled Tuesday Blitz June 20 Late 2023"]
[White "Przybylski, Wojciech"]
[Black "Veiga, Jose Francisco R P Neves"]
[WhiteFideId "1117599"]
[BlackFideId "1930087"]
[WhiteElo "2228"]
[BlackElo "2319"]
[Result "1-0"]
[Round "5"]
[TimeControl "180+2"]
[Date "2023.06.20"]
[WhiteClock "0:01:40"]
[BlackClock "0:01:16"]
[Board "78"]

1. d4 Nf6 2. c4 g6 3. g3 Bg7 4. Bg2 O-O 5. Nc3 c5 6. e3 d6 7. Nge2 Nc6 8. O-O Bf5 9. d5 Na5 10. e4 Bg4 11. f3 Bc8 12. b3 a6 13. f4 b5 14. e5 Nd7 15. e6 Nb6 16. cxb5 axb5 17. Rb1 b4 18. Ne4 f5 19. Ng5 Ba6 20. Bb2 Bxb2 21. Rxb2 Rf6 22. h4 Qf8 23. h5 c4 24. Nd4 c3 25. Rc2 Bxf1 26. Qxf1 Qe8 27. hxg6 hxg6 28. Bf3 Kg7 29. Rh2 Rf8 30. Rh7+ Kf6 31. Qh3 Rh8 32. Ne4+ fxe4 33. Qh4+ g5 34. Qxg5# 1-0


[Site "https://www.chess.com"]

[Event "Titled Tuesday Blitz June 20 Late 2023"]
[White "Turner, Max N"]
[Black "Daggupati, Balaji"]
[WhiteFideId "447722"]
[BlackFideId "2090759"]
[WhiteElo "2157"]
[BlackElo "2695"]
[Result "1-0"]
[Round "5"]
[TimeControl "180+2"]
[Date "2023.06.20"]
[WhiteClock "0:00:21"]
[BlackClock "0:00:45"]
[Board "79"]

1. d4 d5 2. c4 dxc4 3. e3 Nf6 4. Bxc4 e6 5. Nf3 a6 6. O-O Be7 7. a4 O-O 8. Nc3 c5 9. d5 exd5 10. Nxd5 Nxd5 11. Qxd5 Nc6 12. e4 Bg4 13. Be3 Qb6 14. Qd2 Bxf3 15. gxf3 Rad8 16. Qe2 Bf6 17. Rab1 Nd4 18. Bxd4 Rxd4 19. b3 Be5 20. f4 Bxf4 21. Qf3 Qh6 22. h3 Qg6+ 23. Kh1 Qxe4 24. Qxe4 Rxe4 25. Bd5 Rb4 26. Rfe1 Rd8 27. Re7 h6 28. Rd1 Rd4 29. Bxf7+ Kf8 30. Rxd4 cxd4 31. Rxb7 d3 32. Bh5 d2 33. Rf7+ Kg8 34. Rxf4 d1=Q+ 35. Bxd1 Rxd1+ 36. Kg2 Rb1 37. Rb4 Kf7 38. Rb6 Rb2 39. Kf3 a5 40. Rb5 Kf6 41. Ke3 g5 42. Rb6+ Kf5 43. f3 h5 44. Rb5+ Kf6 45. Ke4 Re2+ 46. Kd3 Rf2 47. Ke3 Rb2 48. f4 g4 49. Rb6+ Kf5 50. Rb5+ Kf6 51. hxg4 hxg4 52. Rxa5 Rxb3+ 53. Kf2 Rf3+ 54. Kg2 Ra3 55. f5 Kg5 56. Rb5 Rxa4 57. f6+ Kxf6 58. Kg3 Kg6 59. Rc5 Re4 60. Rb5 Kf6 61. Rc5 Rd4 62. Rb5 Rc4 63. Ra5 Rb4 64. Rc5 Rb1 65. Kxg4 Rg1+ 66. Kf3 Rh1 67. Rc4 Ke5 68. Re4+ Kd5 69. Re2 Rh3+ 70. Kg2 Ra3 71. Rf2 Ke4 72. Re2+ Kf4 73. Kf2 Rh3 74. Kg2 Rg3+ 75. Kh2 Rg8 76. Rf2+ Ke3 77. Rg2 Rh8+ 78. Kg3 Rf8 79. Ra2 Rg8+ 80. Kh3 Kf4 81. Ra4+ Kf3 82. Ra3+ Kf2 83. Ra2+ Ke3 84. Ra3+ Kf4 85. Ra4+ Ke5 86. Ra5+ Kd4 87. Ra4+ Kc3 88. Rg4 Rh8+ 89. Rh4 Kd3 90. Rxh8 Ke4 91. Rf8 Ke5 92. Kg4 Ke6 93. Rf5 Ke7 94. Kg5 Ke6 95. Kf4 Kd6 96. Re5 Kc6 97. Ke4 Kd6 98. Rd5+ Ke6 99. Rd4 Kf6 100. Rd6+ Kg5 101. Re6 Kg4 102. Rg6+ Kh5 103. Kf5 Kh4 104. Rg5 Kh3 105. Kf4 1-0


[Site "https://www.chess.com"]

[Event "Titled Tuesday Blitz June 20 Late 2023"]
[White "Mcconnell, Sullivan"]
[Black "Gomez Barrera, Javiera Belen"]
[WhiteFideId "30934885"]
[BlackFideId "3418723"]
[WhiteElo "2692"]
[BlackElo "2119"]
[Result "1-0"]
[Round "5"]
[TimeControl "180+2"]
[Date "2023.06.20"]
[WhiteClock "0:00:37"]
[BlackClock "0:00:10"]
[Board "80"]

1. e4 d6 2. Nf3 e5 3. d4 Nd7 4. dxe5 dxe5 5. Nc3 Ngf6 6. Bg5 c6 7. Bc4 Qc7 8. Qd2 b5 9. Bb3 Be7 10. a3 Nc5 11. Bxf6 Bxf6 12. O-O-O Nxb3+ 13. cxb3 Be6 14. b4 O-O 15. Qd6 Qb6 16. Qc5 Qc7 17. Nxb5 Qb8 18. Nc3 a5 19. bxa5 Qb3 20. Nd2 Qb7 21. Qb6 Qe7 22. Nf3 Rfb8 23. Qxc6 Rxa5 24. Rd6 Qa7 25. Kc2 Rc5 26. Qa6 Qc7 27. Rxe6 fxe6 28. Qxe6+ Kh8 29. Rd1 h6 30. Qd6 Qc8 31. h3 Rc6 32. Qd3 Qb7 33. Rb1 Qb3+ 34. Kd2 Rbc8 35. Ke2 Rc4 36. Nd2 Rxc3 37. Nxb3 Rxd3 38. Kxd3 1-0


[Site "https://www.chess.com"]

[Event "Titled Tuesday Blitz June 20 Late 2023"]
[White "Ansh M Shah"]
[Black "Fiorito, Joaquin"]
[WhiteFideId "25033379"]
[BlackFideId "180173"]
[WhiteElo "2084"]
[BlackElo "2199"]
[Result "0-1"]
[Round "5"]
[TimeControl "180+2"]
[Date "2023.06.20"]
[WhiteClock "0:00:59"]
[BlackClock "0:00:24"]
[Board "81"]

1. d4 Nf6 2. c4 e6 3. g3 d5 4. Bg2 c5 5. Nf3 Nc6 6. O-O dxc4 7. dxc5 Qxd1 8. Rxd1 Bxc5 9. Nbd2 c3 10. bxc3 O-O 11. Nb3 Be7 12. c4 Bd7 13. Bb2 Rfc8 14. Nfd4 Be8 15. Rac1 Rab8 16. Nb5 a6 17. Nd6 Bxd6 18. Rxd6 Ne7 19. Rb6 Bc6 20. Na5 Bxg2 21. Kxg2 Nd7 22. Rxb7 Rxb7 23. Nxb7 Rb8 24. Ba3 Nc6 25. Nc5 Nxc5 26. Bxc5 f6 27. Rc2 Kf7 28. e3 e5 29. Kf3 Ke6 30. Ke4 f5+ 31. Kd3 Rb1 32. h4 g6 33. Kc3 Na5 34. Bb4 Nc6 35. a3 a5 36. Bc5 Kd7 37. Rb2 Rc1+ 38. Kb3 e4 39. Rc2 Rd1 40. Ka4 Kc7 41. Rb2 Rc1 42. Bb6+ Kd7 43. Bxa5 Rxc4+ 44. Bb4 Rc1 45. Kb5 Kc7 46. a4 Na7+ 47. Ka6 Nc6 48. Ba5+ Kd6 49. Bb6 Ne5 50. a5 Nd3 51. Ra2 Nb4+ 52. Kb7 Nxa2 53. a6 Nc3 54. a7 Ra1 55. Bd4 Rxa7+ 56. Kxa7 Nb5+ 57. Kb6 Nxd4 58. exd4 Kd5 59. Kc7 Kxd4 60. Kd6 Kd3 61. Ke5 Ke2 62. Kf6 Kxf2 63. Kg7 Kxg3 64. Kxh7 Kxh4 65. Kxg6 e3 66. Kxf5 e2 67. Kf4 e1=Q 68. Kf3 Qg3+ 69. Ke2 Kg4 70. Kf1 Qh2 71. Ke1 Kf3 72. Kd1 Ke3 73. Kc1 Kd3 74. Kb1 Kc3 75. Ka1 Qb2# 0-1


[Site "https://www.chess.com"]

[Event "Titled Tuesday Blitz June 20 Late 2023"]
[White "Rastbod, Ali"]
[Black "Rios Escobar, Adan"]
[WhiteFideId "12567477"]
[BlackFideId "3403645"]
[WhiteElo "2281"]
[BlackElo "2474"]
[Result "1-0"]
[Round "5"]
[TimeControl "180+2"]
[Date "2023.06.20"]
[WhiteClock "0:00:06"]
[BlackClock "0:00:00"]
[Board "82"]

1. Nf3 Nf6 2. b3 d6 3. Bb2 e5 4. g3 c5 5. Bg2 Nc6 6. O-O g6 7. e3 Bg7 8. d4 cxd4 9. exd4 e4 10. Ng5 d5 11. f3 h6 12. Nxf7 Kxf7 13. fxe4 dxe4 14. d5 Ne7 15. c4 Rf8 16. Bxe4 Kg8 17. Bg2 Nf5 18. Qc1 Qb6+ 19. c5 Qb4 20. Rf4 Qb5 21. Na3 Qd3 22. Qc4 Qxc4 23. Nxc4 Nh5 24. Rf2 Bxb2 25. Rxb2 Nd4 26. d6 Nf3+ 27. Kh1 Bg4 28. b4 Rae8 29. Na5 b6 30. Nc6 Ne1 31. Ne7+ Kf7 32. Rxe1 bxc5 33. bxc5 Nf6 34. Rf2 Kg7 35. Ref1 Bd7 36. c6 Be6 37. c7 Bd7 38. Kg1 h5 39. h3 a5 40. Bb7 1-0


[Site "https://www.chess.com"]

[Event "Titled Tuesday Blitz June 20 Late 2023"]
[White "Mattheii"]
[Black "Martins, Bruno Andre Leite"]
[BlackFideId "1942255"]
[WhiteElo "2474"]
[BlackElo "2241"]
[Result "1-0"]
[Round "5"]
[TimeControl "180+2"]
[Date "2023.06.20"]
[WhiteClock "0:00:15"]
[BlackClock "0:00:01"]
[Board "83"]

1. d4 Nf6 2. c4 g6 3. Nc3 Bg7 4. e4 d6 5. h3 O-O 6. Bg5 c5 7. d5 e6 8. Bd3 exd5 9. exd5 h6 10. Be3 Re8 11. Nf3 Rxe3+ 12. fxe3 Qe7 13. O-O Nbd7 14. Qd2 Ne5 15. Nxe5 Qxe5 16. Rf3 Bd7 17. Raf1 Be8 18. Qf2 Nh7 19. Rxf7 Ng5 20. Rf4 b5 21. cxb5 Rb8 22. h4 Nh7 23. Re4 Qf6 24. Re6 Qxf2+ 25. Rxf2 Be5 26. Bxg6 Bd7 27. Bxh7+ Kxh7 28. Re7+ Kg6 29. Rxd7 Kh5 30. a4 Rg8 31. Ne4 Re8 32. Nf6+ Bxf6 33. Rxf6 Rxe3 34. Rf3 Re2 35. Rf2 Re1+ 36. Kh2 Kxh4 37. Rxd6 h5 38. Rg6 Re4 39. g3# 1-0


[Site "https://www.chess.com"]

[Event "Titled Tuesday Blitz June 20 Late 2023"]
[White "Ladron De Guevara Pinto, Paolo"]
[Black "DopplerCharlotteDeWitte"]
[WhiteFideId "2290847"]
[WhiteElo "2398"]
[BlackElo "2652"]
[Result "1-0"]
[Round "5"]
[TimeControl "180+2"]
[Date "2023.06.20"]
[WhiteClock "0:00:06"]
[BlackClock "0:00:00"]
[Board "84"]

1. Nf3 d5 2. g3 Nc6 3. d4 Bf5 4. c3 e6 5. Bg2 Nf6 6. O-O Bd6 7. b3 e5 8. dxe5 Nxe5 9. Nbd2 O-O 10. Bb2 Re8 11. c4 Nxf3+ 12. Bxf3 Bh3 13. Re1 Bb4 14. a3 Bxd2 15. Qxd2 dxc4 16. Qxd8 Raxd8 17. Bxf6 gxf6 18. bxc4 b6 19. Rad1 Kf8 20. Bc6 Rxd1 21. Rxd1 Rxe2 22. a4 Rc2 23. Bb5 Ke7 24. f3 Rg2+ 25. Kh1 h5 26. c5 bxc5 27. Bf1 Ra2 28. Bxh3 Rxa4 29. Rd7+ Kf8 30. Rxc7 Ra1+ 31. Kg2 Ra2+ 32. Kg1 a5 33. Rxc5 a4 34. Ra5 a3 35. Ra7 Ra1+ 36. Bf1 Kg7 37. h4 f5 38. Kf2 Kf6 39. Bc4 Ke5 40. Bxf7 f4 41. Ra5+ Kf6 42. Bg8 fxg3+ 43. Kxg3 Rg1+ 44. Kf4 Rxg8 45. Rxa3 Rb8 46. Ra6+ Kg7 47. Ra5 Kg6 48. Ra6+ Kg7 49. Re6 Rb5 50. Re5 Rb4+ 51. Kg5 Rb6 52. Kxh5 Rh6+ 53. Kg4 Ra6 54. f4 Kh6 55. Rb5 Rc6 56. Rh5+ Kg6 57. f5+ Kg7 58. Kg5 Rc1 59. f6+ Kg8 60. Kg6 Rg1+ 61. Rg5 Rf1 62. h5 Kh8 63. h6 Kg8 64. h7+ Kh8 65. Kf7 1-0


[Site "https://www.chess.com"]

[Event "Titled Tuesday Blitz June 20 Late 2023"]
[White "Arabidze, Meri"]
[Black "Krishnakumar, Sriram"]
[WhiteFideId "13604040"]
[BlackFideId "30915856"]
[WhiteElo "2405"]
[BlackElo "2466"]
[Result "1-0"]
[Round "5"]
[TimeControl "180+2"]
[Date "2023.06.20"]
[WhiteClock "0:00:13"]
[BlackClock "0:00:22"]
[Board "85"]

1. d4 d5 2. c4 c6 3. Nf3 Nf6 4. Nbd2 e6 5. e3 Nbd7 6. b3 Bd6 7. Bb2 O-O 8. Bd3 b6 9. O-O Bb7 10. Ne5 Qe7 11. f4 Ba3 12. Bxa3 Qxa3 13. Rf3 c5 14. Nxd7 Nxd7 15. Rh3 f5 16. Nf3 h6 17. Rg3 a5 18. Ne5 Nxe5 19. fxe5 a4 20. Rb1 axb3 21. Rxb3 Qa4 22. Bc2 dxc4 23. Rxb6 Qd7 24. Rd6 Qc7 25. Rxe6 cxd4 26. exd4 Rxa2 27. Rxh6 f4 28. Rh8+ Kf7 29. Qh5+ Ke6 30. Rg6+ Kd5 31. Rd6+ Qxd6 32. exd6+ Kxd4 33. Rxf8 Rxc2 34. Rxf4+ Kc3 35. Qe5+ Kb4 36. Rf2 Rc1+ 37. Rf1 Rc2 38. Qe1+ Kc5 39. Qe5+ Kb6 40. Qd4+ Kb5 41. Rb1+ Kc6 42. Qb6+ Kd5 43. Qxb7+ Kxd6 44. Qb6+ Kd5 45. Qb5+ Kd4 46. Rd1+ Kc3 47. Qe5+ Kb3 48. Rb1+ Ka3 49. Qa5# 1-0


[Site "https://www.chess.com"]

[Event "Titled Tuesday Blitz June 20 Late 2023"]
[White "Yurasova, Daria"]
[Black "Manukyan, Sargis A."]
[WhiteFideId "34146919"]
[BlackFideId "13303970"]
[WhiteElo "2109"]
[BlackElo "2187"]
[Result "0-1"]
[Round "5"]
[TimeControl "180+2"]
[Date "2023.06.20"]
[WhiteClock "0:00:00"]
[BlackClock "0:01:08"]
[Board "86"]

1. e4 c5 2. Nf3 d6 3. Bb5+ Bd7 4. Bxd7+ Qxd7 5. O-O Nc6 6. d4 cxd4 7. Nxd4 Nf6 8. Re1 e6 9. c4 Be7 10. Nc3 O-O 11. b3 Nxd4 12. Qxd4 Qc6 13. Ba3 Rfd8 14. Rad1 Bf8 15. Qe3 a6 16. h3 b5 17. cxb5 axb5 18. Bb4 d5 19. Bxf8 Kxf8 20. exd5 Nxd5 21. Nxd5 Rxd5 22. Rxd5 Qxd5 23. Rc1 h6 24. Qf4 Kg8 25. Rc7 e5 26. Qf5 Re8 27. Rd7 Qe6 28. Qxe6 Rxe6 29. Rb7 Ra6 30. Rxb5 Rxa2 31. Rxe5 Ra1+ 32. Kh2 Rb1 33. Rb5 g5 34. Kg3 Kg7 35. Rb7 Kg6 36. b4 h5 37. f3 Rb2 38. b5 h4+ 39. Kh2 f6 40. b6 Kf5 41. Rb8 Rb3 42. b7 Rb1 43. f4 gxf4 44. Rh8 Rxb7 45. Rxh4 Rb2 46. Kg1 Ke4 47. Rg4 f5 48. Rg8 f3 49. gxf3+ Kxf3 50. h4 Rb4 51. h5 Rh4 52. Rh8 f4 53. h6 Rh5 54. h7 Rh4 55. Ra8 Rxh7 56. Ra3+ Kg4 57. Kg2 Rb7 58. Ra2 Rb3 59. Kf2 Rh3 60. Kg2 f3+ 61. Kg1 Kg3 62. Ra3 Rh8 63. Rb3 Ra8 64. Rb1 Ra2 65. Rb8 Ra1+ 0-1


[Site "https://www.chess.com"]

[Event "Titled Tuesday Blitz June 20 Late 2023"]
[White "Balla, Tamas-Kristof"]
[Black "Mortazavi, Ali"]
[WhiteFideId "1208497"]
[BlackFideId "401323"]
[WhiteElo "2334"]
[BlackElo "2339"]
[Result "1-0"]
[Round "5"]
[TimeControl "180+2"]
[Date "2023.06.20"]
[WhiteClock "0:00:22"]
[BlackClock "0:00:58"]
[Board "87"]

1. e4 c6 2. d4 d5 3. exd5 cxd5 4. c4 Nf6 5. Nc3 g6 6. Qb3 Bg7 7. cxd5 O-O 8. g3 Na6 9. Bg2 Nc7 10. Nge2 b6 11. O-O Bb7 12. Nf4 Rb8 13. Be3 g5 14. Nd3 h6 15. Nb4 Qd7 16. Nc6 Ra8 17. Rad1 Rfe8 18. Ne5 Qd8 19. d6 exd6 20. Qxf7+ Kh7 21. Qg6+ Kg8 22. Bxb7 Rb8 23. Bg2 dxe5 24. dxe5 Nd7 25. Bc6 Nxe5 26. Bxe8 Nxg6 27. Rxd8 Rxd8 28. Bxg6 Rd6 29. Bf5 Bxc3 30. bxc3 Nb5 31. Bd4 Nxd4 32. cxd4 Rxd4 33. Rc1 Kf7 34. Rc7+ Kf6 35. Bd7 a5 36. a4 Ke5 37. Bb5 h5 38. Rc6 h4 39. gxh4 gxh4 40. Rxb6 Rb4 41. Rh6 Kf5 42. Kg2 Kg5 43. Rh8 Rg4+ 44. Kf1 Rb4 45. Rg8+ Kf4 46. Kg2 Kf5 47. h3 Rd4 48. Rg4 Rd8 49. Rxh4 Rf8 50. Rg4 Rc8 51. Rg3 Kf4 52. h4 Rh8 53. Kh3 Rh5 54. Rg5 Rh6 55. Rg3 Rh5 56. Be2 Re5 57. Rg4+ Kf5 58. Rg5+ 1-0


[Site "https://www.chess.com"]

[Event "Titled Tuesday Blitz June 20 Late 2023"]
[White "Domingo Nunez, Ruben"]
[Black "Nikologorsky, Matfei"]
[WhiteFideId "22245570"]
[BlackFideId "24102474"]
[WhiteElo "2404"]
[BlackElo "2153"]
[Result "0-1"]
[Round "5"]
[TimeControl "180+2"]
[Date "2023.06.20"]
[WhiteClock "0:00:00"]
[BlackClock "0:00:12"]
[Board "88"]

1. b3 Nf6 2. Bb2 d5 3. Nf3 c6 4. c4 Bf5 5. e3 e6 6. Be2 h6 7. O-O Be7 8. d4 Nbd7 9. Nc3 O-O 10. Rc1 Re8 11. Na4 Bh7 12. Bd3 Ne4 13. Ne5 f6 14. Nxd7 Qxd7 15. f3 Ng5 16. Bxh7+ Nxh7 17. e4 Ng5 18. h4 Nf7 19. Nc5 Bxc5 20. dxc5 Rad8 21. Qe2 dxe4 22. Rfd1 exf3 23. Qxf3 Qc7 24. Re1 e5 25. Re4 Rd2 26. Bc3 Rxa2 27. Rg4 Qe7 28. b4 Rd8 29. Rf1 Kh8 30. Qf5 Rg8 31. Rd1 Rd8 32. Rf1 Rg8 33. Qg6 Nd8 34. Rd1 Ne6 35. Rd6 Nf4 36. Qe4 Ne2+ 37. Kh2 Nxc3 38. Qd3 Ne2 39. Qb3 Ra6 40. Qe3 h5 41. Re4 Ra2 42. Qb3 Nc1 43. Qd1 Qf7 44. Qxc1 Qg6 45. Qg5 Qxe4 46. Qxh5+ Qh7 47. Qg4 Rf8 48. Rd7 e4 49. Rxb7 e3 50. Re7 e2 51. b5 cxb5 52. c6 f5 53. Qf4 Ra4 54. Rxe2 Rxc4 55. Qd6 Qxh4+ 56. Kg1 Rc1+ 0-1


[Site "https://www.chess.com"]

[Event "Titled Tuesday Blitz June 20 Late 2023"]
[White "Vlassov, Nikolai"]
[Black "Kaplan, Avi Harrison"]
[WhiteFideId "4103360"]
[BlackFideId "30934559"]
[WhiteElo "2324"]
[BlackElo "1983"]
[Result "0-1"]
[Round "5"]
[TimeControl "180+2"]
[Date "2023.06.20"]
[WhiteClock "0:00:00"]
[BlackClock "0:00:02"]
[Board "89"]

1. e4 b6 2. d4 Bb7 3. Bd3 f5 4. exf5 Bxg2 5. Qh5+ g6 6. fxg6 Bg7 7. gxh7+ Kf8 8. Nh3 Bxh1 9. Nf4 Nf6 10. Ng6+ Ke8 11. Nxh8+ Nxh5 12. Bg6+ Kf8 13. Nf7 Qe8 14. Bh6 Qxf7 15. h8=Q+ Qg8 16. Bxg7+ Nxg7 17. Qh6 Qe6+ 18. Kf1 Nc6 19. c3 Bf3 20. Nd2 Be2+ 21. Kg1 Bh5 22. Qh8+ Qg8 23. Qxg8+ Kxg8 24. Be4 Rf8 25. Re1 Nd8 26. d5 e6 27. c4 Ne8 28. dxe6 Nxe6 29. Bd5 Bf7 30. Ne4 c6 31. Bxe6 Bxe6 32. b3 Kg7 33. Kg2 Nf6 34. Ng5 Rg8 35. h4 Nh7 36. f4 Nxg5 37. hxg5 Kg6 38. Kf3 Rf8 39. Rh1 b5 40. Rh6+ Kg7 41. cxb5 cxb5 42. Ke4 a5 43. Ke5 Rf5+ 44. Ke4 a4 45. bxa4 bxa4 46. a3 Rb5 47. Rf6 Rb1 48. f5 Re1+ 49. Kf4 Rf1+ 50. Ke5 Bf7 51. Ra6 Bb3 52. Ra7 Rd1 0-1


[Site "https://www.chess.com"]

[Event "Titled Tuesday Blitz June 20 Late 2023"]
[White "Moral Garcia, Serafin"]
[Black "Ai, Evan"]
[WhiteFideId "2201925"]
[BlackFideId "2094770"]
[WhiteElo "2274"]
[BlackElo "1963"]
[Result "1-0"]
[Round "5"]
[TimeControl "180+2"]
[Date "2023.06.20"]
[WhiteClock "0:00:08"]
[BlackClock "0:00:02"]
[Board "90"]

1. e4 e5 2. Nf3 Nc6 3. Nc3 Nf6 4. Nxe5 Nxe5 5. d4 Ng6 6. e5 Ng8 7. Bc4 d6 8. Qf3 Be6 9. Qxb7 N8e7 10. Nb5 Rc8 11. Bxe6 fxe6 12. exd6 cxd6 13. c3 Qd7 14. Qxd7+ Kxd7 15. Nxa7 Rb8 16. a4 Nd5 17. O-O Be7 18. Nb5 Ra8 19. g3 Rhb8 20. Bd2 Nb6 21. b3 e5 22. Be3 Nd5 23. c4 Nxe3 24. fxe3 Bf6 25. dxe5 Bxe5 26. Rad1 Kc6 27. Rf7 Kc5 28. Kg2 Kb4 29. Rd3 Rf8 30. Rc7 d5 31. Rb7 dxc4 32. Nd6+ Kc5 33. Rb5+ Kc6 34. Nxc4 Bc7 35. Rdd5 Rfd8 36. Rdc5+ Kd7 37. Rb7 Rac8 38. Nb6+ Kd6 39. Nxc8+ Kxc5 40. Rxc7+ Kb4 41. Ne7 Rd2+ 42. Kh3 Ne5 43. Rb7+ Kc3 44. g4 Re2 45. Nd5+ Kb2 46. Kg3 Nd3 47. h4 Re1 48. b4 Rg1+ 49. Kf3 Ne5+ 50. Ke4 Nxg4 51. a5 Nf2+ 52. Kf3 Nd3 53. a6 Ra1 54. a7 Ne5+ 55. Ke4 Nc6 56. b5 Nxa7 57. b6 Nb5 58. Rxg7 Ra4+ 59. Ke5 Rxh4 60. b7 Rh5+ 61. Ke6 Rh6+ 62. Kd7 Rd6+ 63. Ke7 Rxd5 64. b8=Q Re5+ 65. Qxe5+ Kb3 66. Qxb5+ 1-0


[Site "https://www.chess.com"]